 Dungeon Crawl Stone Soup version 0.28-a0-475-g7dc2aef8ca (webtiles) character file.

Game seed: 17524868938288623722

9076 Dabor the Envoy of Void (level 11, -2/89 HPs)
             Began as a Formicid Abyssal Knight on Sept 16, 2021.
             Was a High Priest of Lugonu.
             Slain by a smoke demon (6 damage)
             ... summoned by an orc high priest
             ... on level 9 of the Dungeon.
             The game lasted 00:25:40 (9805 turns).

Dabor the Envoy of Void (Formicid Abyssal Knight)   Turns: 9805, Time: 00:25:40

Health: -2/89      AC: 20    Str: 21      XL:     11   Next: 67%
Magic:  18/18      EV:  7    Int:  8 (9)  God:    Lugonu [*****.]
Gold:   426        SH:  3    Dex: 10      Spells: 10/10 levels left

rFire   . . .      SeeInvis +   y - +1 trident (vorpal)
rCold   + . .      Faith    .   u - +0 buckler
rNeg    + . .      Spirit   .   C - +3 plate armour
rPois   +          Reflect  .   (helmet unavailable)
rElec   .          Harm     .   s - scarf {shadows}
rCorr   .          Rampage  .   c - +0 pair of gloves
Will    ++...                   B - +1 pair of boots
Stlth   ..........              p - amulet of regeneration
HPRegen 1.24/turn               h - ring of willpower
MPRegen 0.16/turn               t - ring "Herasi" {rPois rC+ rN+ Int-2 SInv}

@: studying Spellcasting
A: permanent stasis, dig shafts and tunnels, antennae 3, four strong arms
a: Dig, Shaft Self, Renounce Religion, Depart the Abyss, Bend Space, Banish,
Corrupt, Enter the Abyss


You were on level 9 of the Dungeon.
You worshipped Lugonu.
Lugonu was extremely pleased with you.
You visited 2 branches of the dungeon, and saw 10 of its levels.
You visited the Abyss 1 time.

You collected 426 gold pieces.

Inventory:

Hand Weapons
 d - a +5 flail of venom
 y - a +1 vorpal trident (weapon)
Missiles
 f - 18 poisoned darts
 w - a throwing net
 z - a javelin
Armour
 c - a +0 pair of gloves (worn)
 m - a scarf of invisibility
 s - a scarf of shadows (worn)
 u - a +0 buckler (worn)
 B - a +1 pair of boots (worn)
 C - a +3 plate armour (worn)
Jewellery
 h - a ring of willpower (left hand)
 o - a ring of protection from fire
 p - an amulet of regeneration (around neck)
 t - the ring "Herasi" (right hand) {rPois rC+ rN+ Int-2 SInv}
   (You acquired it on level 9 of the Dungeon)

   [ring of protection from cold]

   Int:       It affects your intelligence (-2).
   rC:        It protects you from cold.
   rPois:     It protects you from poison.
   rN:        It protects you from negative energy.
   SInv:      It lets you see invisible.
 v - an amulet of magic regeneration
Wands
 r - a wand of paralysis (9)
 G - a wand of flame (16)
Scrolls
 a - a scroll of amnesia
 b - a scroll of magic mapping
Potions
 e - a potion of invisibility {unknown}
 i - a potion of degeneration {unknown}
 j - 2 potions of ambrosia {unknown}
 k - 3 potions of lignification {unknown}
 l - a potion of brilliance {unknown}
 q - 3 potions of mutation
 x - 2 potions of curing


   Skills:
 + Level 9.0 Fighting
 + Level 8.0 Polearms
 - Level 3.5 Throwing
 + Level 8.8 Armour
 + Level 7.0 Dodging
 + Level 9.4 Invocations


You had 10 spell levels left.
You didn't know any spells.
Your spell library contained the following spells:

 Spells                   Type           Power      Damage    Failure   Level
 Animate Skeleton         Necr           0%         N/A       100%        1
 Magic Dart               Conj           0%         1d3       100%        1
 Pain                     Necr           0%         1d4       100%        1
 Summon Small Mammal      Summ           0%         N/A       100%        1
 Call Imp                 Summ           0%         N/A       100%        2
 Static Discharge         Conj/Air       0%         N/A       100%        2
 Mephitic Cloud           Conj/Pois/Air  0%         N/A       100%        3
 Vampiric Draining        Necr           0%         2d6       100%        3
 Lightning Bolt           Conj/Air       0%         1d11      100%        5
 Maxwell's Capacitive Co  Air            0%         ∞         100%        8


Dungeon Overview and Level Annotations

Branches:
Dungeon (9/15)             Temple (0/1) D:7             Orc (1/2) D:9
   Lair: D:8-11

Altars:
Ashenzari
Elyvilon
Gozag
Kikubaaqudgha
Makhleb
Uskayaw
Yredelemnul
Zin
The Shining One

Shops:
D:7 (


Innate Abilities, Weirdness & Mutations

You cannot be hasted, slowed, berserked, paralysed or teleported.
You can dig through walls and to a lower floor.
You have a pair of large antennae on your head. (SInv)
Your four strong arms can wield two-handed weapons with a shield.


Message History

* * * LOW HITPOINT WARNING * * *
The smoke demon closely misses you.
The smoke demon hits you but does no damage.
The rust devil closely misses you.
The orc high priest hits you with a +0 hand axe.
* * * LOW HITPOINT WARNING * * *
Aiming: Paralyse
Press: ? - help, Shift-Dir - straight line, f - smoke demon
Aim: a smoke demon (summoned, chance to affect: 15%)
Okay, then.
Unknown command.
It was a potion of flight.
You feel very buoyant.
You fly up into the air.
You are engulfed in a cloud of scalding steam.
* * * LOW HITPOINT WARNING * * *
The smoke demon hits you.
* * * LOW HITPOINT WARNING * * *
The smoke demon hits you.
* * * LOW HITPOINT WARNING * * *
The smoke demon hits you.
* * * LOW HITPOINT WARNING * * *
The rust devil hits you.
* * * LOW HITPOINT WARNING * * *
The rust devil corrodes you!
The orc high priest hits you with a +0 hand axe.
* * * LOW HITPOINT WARNING * * *
It was a potion of magic.
Magic courses through your body.
The smoke demon hits you but does no damage. x2
The smoke demon hits you.
* * * LOW HITPOINT WARNING * * *
The rust devil barely misses you.
The orc high priest hits you with a +0 hand axe.
* * * LOW HITPOINT WARNING * * *
It was a potion of cancellation.
Your magical effects are unravelling.
You feel magically purged.
You float gracefully downwards.
You are no longer corroded.
The smoke demon hits you.
You die...

#...###...##
#.######+..#
#.####.....###
#.##A#_..._#2#
#.####.....###
..######+...#
##..###.^.#######
##....#...###..4##
##........>##.4o@#
..............)3)#
#.........####)).#
.........## #####
........####
...........##
............##
........##...#
........###..#


You could see an orc high priest, a hellwing (summoned), a rust devil (summoned)
and a smoke demon (summoned).

Vanquished Creatures
  2 two-headed ogres
  A troll (D:9)
  A hornet (D:8)
  Sigmund (D:4)
  16 yaks (D:8)
  Edmund (D:4)
  An acid dragon (D:9)
  5 wargs (D:9)
  3 water moccasins
  Duvessa (D:4)
  A hornet zombie (D:5)
  9 orc warriors
  A sky beast (D:6)
  2 ice beasts (D:7)
  4 necrophages
  An ogre (D:6)
  3 centaurs
  2 kobold brigands
  A wyvern zombie (D:7)
  2 bullfrogs (D:8)
  A gnoll sergeant (D:5)
  A scorpion (D:6)
  Dowan (D:4)
  A wight (D:4)
  An electric eel (D:9)
  A howler monkey (D:8)
  5 centaur zombies
  2 bullfrog zombies (D:7)
  A jelly (D:6)
  A gnoll shaman (D:6)
  A human zombie (D:7)
  9 orc priests
  2 hounds (D:6)
  A bullfrog skeleton (D:6)
  A centaur skeleton (D:6)
  2 iguanas
  8 orc wizards
  A killer bee zombie (D:7)
  A hound zombie (D:5)
  A hound skeleton (D:4)
  A mummy (D:7)
  8 gnolls
  A howler monkey skeleton (D:7)
  2 howler monkey zombies
  An adder (D:2)
  A shadow imp (D:7)
  An adder skeleton (D:5)
  2 worms
  5 dart slugs
  27 orcs
  6 endoplasms
  3 giant cockroaches
  6 goblins
  9 hobgoblins
  8 jackals
  4 quokkas
  4 ball pythons
  5 bats
  A frilled lizard (D:1)
  23 kobolds
  11 rats
229 creatures vanquished.

Notes
Turn   | Place    | Note
-------+----------+-------------------------------------------
     0 | Abyss:1  | Dabor the Formicid Abyssal Knight began the quest for the
                  | Orb.
     0 | Abyss:1  | Reached XP level 1. HP: 18/18 MP: 2/2
     2 | Abyss:1  | Found a corrupted altar of Lugonu.
     4 | Abyss:1  | Found a corrupted altar of Lugonu.
     5 | Abyss:1  | Found a corrupted altar of Lugonu.
    72 | Abyss:1  | Noticed a spatial vortex
    88 | Abyss:1  | Noticed a smoke demon
    89 | D:1      | Escaped the Abyss
   181 | D:1      | Reached * piety under Lugonu
   183 | D:1      | Reached skill level 1 in Dodging
   190 | D:1      | Reached XP level 2. HP: 20/24 MP: 3/3
   537 | D:1      | Reached XP level 3. HP: 29/29 MP: 4/4
   923 | D:2      | Reached ** piety under Lugonu
  1070 | D:2      | Reached XP level 4. HP: 23/37 MP: 6/6
  2314 | D:3      | Reached skill level 1 in Throwing
  2314 | D:3      | Reached XP level 5. HP: 24/42 MP: 7/7
  2493 | D:3      | Found a hide-covered altar of Uskayaw.
  2551 | D:3      | Found an opulent altar of Gozag.
  2738 | D:3      | Found a faded altar of an unknown god.
  2744 | D:3      | Got Plato's Handbook of the Entourage
  3045 | D:4      | Noticed an ogre
  3598 | D:4      | Noticed Sigmund
  3637 | D:4      | Killed Sigmund
  3638 | D:4      | Reached XP level 6. HP: 39/48 MP: 8/8
  4002 | D:4      | Noticed Dowan
  4002 | D:4      | Noticed Duvessa
  4022 | D:4      | Killed Dowan
  4023 | D:4      | Reached XP level 7. HP: 53/55 MP: 9/9
  4077 | D:4      | Killed Duvessa
  4122 | D:4      | Reached *** piety under Lugonu
  4154 | D:4      | Noticed Edmund
  4222 | D:4      | Killed Edmund
  4318 | D:4      | Found a broken altar of Ashenzari.
  4640 | D:5      | Entered Level 5 of the Dungeon
  4674 | D:5      | Reached XP level 8. HP: 21/61 MP: 11/11
  4854 | D:5      | Reached skill level 5 in Fighting
  4915 | D:5      | Reached skill level 5 in Invocations
  4994 | D:5      | Found a white marble altar of Elyvilon.
  4995 | D:5      | Found a glowing golden altar of the Shining One.
  5368 | D:6      | Reached skill level 5 in Armour
  5438 | D:6      | Noticed a two-headed ogre
  5483 | D:6      | Killed a two-headed ogre
  5484 | D:6      | Reached skill level 5 in Polearms
  5484 | D:6      | Reached XP level 9. HP: 69/69 MP: 11/13
  5974 | D:7      | Reached **** piety under Lugonu
  6062 | D:7      | Found a basalt altar of Yredelemnul.
  6093 | D:7      | Reached skill level 5 in Dodging
  6106 | D:7      | Reached XP level 10. HP: 77/77 MP: 15/15
  6195 | D:7      | Found a staircase to the Ecumenical Temple.
  6374 | D:7      | Found Newa Puph's Firing Range.
  7445 | D:8      | Found an ancient bone altar of Kikubaaqudgha.
  7656 | D:8      | Reached XP level 11. HP: 42/86 MP: 17/17
  7712 | D:8      | Noticed a two-headed ogre
  7719 | D:8      | Killed a two-headed ogre
  8395 | D:9      | Identified a scroll of acquirement
  8395 | D:9      | Acquired the ring "Herasi" {rPois rC+ rN+ Int-2 SInv}
  8626 | D:9      | Reached ***** piety under Lugonu
  9026 | D:9      | Found a burning altar of Makhleb.
  9026 | D:9      | Noticed a blizzard demon
  9030 | D:9      | Found a glowing silver altar of Zin.
  9030 | D:9      | Noticed an angel
  9115 | D:9      | Found a staircase to the Orcish Mines.
  9407 | Orc:1    | Entered Level 1 of the Orcish Mines
  9565 | Orc:1    | Noticed an orc high priest
  9764 | Orc:1    | Noticed a sixfirhy
  9764 | Orc:1    | Noticed a soul eater
  9804 | D:9      | HP: 4/89 [smoke demon[an orc high priest] (3)]
  9805 | D:9      | Slain by a smoke demon

Illustrated notes

Levels and vault maps discovered:
D:1:      minmay_arrival_open_corners, layout_loops_ring
D:2:      layout_basic, glass_columns_a
D:3:      layout_basic, grunt_gozag_breadcrumbs, nicolae_uskayaw_dance_hall,
          shapermc_ecumenical_altar_rom_forum, guppyfry_early_lair_pool
D:4:      layout_layer_cave, kennysheep_mini, minmay_manual_mess, uniq_edmund,
          uniq_duvessa, uniq_sigmund
D:5:      layout_rooms, gammafunk_temple_overflow_pools
D:6:      layout_loops_cross
D:7:      layout_loops_corners, lemuel_mausoleum_altar_yredelemnul,
          minmay_temple_entry_trees, nicolae_shop_firing_range
D:8:      layout_layer_cave, mainiacjoe_overflow_small_starburst
D:9:      layout_cave_pools, grunt_temple_overflow_order_and_chaos_2,
          minmay_orc_entry_guard_dogs, kennysheep_diamond
Orc:1:    layout_diamond_mine, uniq_urug

Skill      XL: |  1  2  3  4  5  6  7  8  9 10 11 |
---------------+----------------------------------+-----
Dodging        | 1 2 3 4 5 6 7 |  7.0
Invocations    | 3 4 6 8 9 |  9.4
Throwing       | 1 2 3 |  3.5
Armour         | 3 4 5 6 7 8 |  8.8
Fighting       | 4 6 8 9 |  9.0
Polearms       | 3 5 7 8 |  8.0

Action                   |  1- 3 |  4- 6 |  7- 9 | 10-12 || total
-------------------------+-------+-------+-------+-------++-------
Melee: Spear             |   149 |   174 |   127 |       ||   450
       Flail             |       |       |   143 |   206 ||   349
       Trident           |       |       |       |   360 ||   360
Throw: Dart              |       |    13 |     1 |     2 ||    16
Invok: Depart the Abyss  |     1 |       |       |       ||     1
Evoke: Wand              |       |       |     4 |       ||     4
  Use: Scroll            |       |     3 |     5 |     6 ||    14
       Potion            |       |       |     4 |     4 ||     8
 Stab: Paralysed         |       |       |     8 |       ||     8
Armor: Plate armour      |    85 |    85 |   144 |   434 ||   748
Dodge: Dodged            |    41 |    27 |    95 |   219 ||   382
Block: Buckler           |       |       |    22 |    96 ||   118

Table legend: (Time is in decaauts)
 A = Elapsed time spent in this place.
 B = Non-inter-level travel time spent in this place.
 C = Inter-level travel time spent in this place.
 D = Time resting spent in this place.
 E = Time spent auto-exploring this place.
 F = Levels seen in this place.
 G = Mean time per level.
                   A        B        C        D        E       F      G
               +--------+--------+--------+--------+--------+-----+--------+
         Total |   9962 |   9533 |    429 |    758 |   6008 |  11 |  905.6 |
       Dungeon |   9788 |   9359 |    429 |    758 |   5947 |   9 | 1087.6 |
  Orcish Mines |     84 |     84 |      0 |      0 |      0 |   1 |   84.0 |
         Abyss |     90 |     90 |      0 |      0 |     61 |   1 |   90.0 |
               +--------+--------+--------+--------+--------+-----+--------+

Top non-repeatable levels by time:
     D:8: 1606 daAuts
     D:4: 1309 daAuts
     D:2: 1239 daAuts
     D:9: 1217 daAuts
     D:7: 1168 daAuts
     D:1: 1036 daAuts
     D:3: 958 daAuts
     D:6: 705 daAuts
     D:5: 546 daAuts
 Abyss:1: 90 daAuts
   Orc:1: 84 daAuts
